 Dungeon Crawl Stone Soup version 0.29.1-15-g9cfb28693d (webtiles) character file.

Game seed: 9343604895284093034

58 Achh the Sneak (level 4, 0/35 HPs)
             Began as a Human Delver on Mar 14, 2023.
             Slain by a black bear (5 damage)
             ... on level 5 of the Dungeon.
             The game lasted 00:03:19 (81 turns).

Achh the Sneak (Human Delver)                         Turns: 81, Time: 00:03:19

Health: 0/35       AC:  3    Str: 14    XL:     4   Next: 20%
Magic:  4/4        EV: 12    Int: 10    God:
Gold:   20         SH:  0    Dex: 15    Spells: 3/3 levels left

rFire   . . .      SeeInvis .   a - +0 falchion
rCold   . . .      Faith    .   (no shield)
rNeg    . . .      Spirit   .   b - +0 leather armour
rPois   .          Reflect  .   (no helmet)
rElec   .          Harm     .   (no cloak)
rCorr   .          Rampage  .   (no gloves)
Will    .....                   (no boots)
Stlth   +++.......              (no amulet)
HPRegen 0.11/turn               (no ring)
MPRegen 0.09/turn               (no ring)

@: no status effects
A: no striking features
a: no special abilities


You were on level 5 of the Dungeon.
You visited 1 branch of the dungeon, and saw 1 of its levels.

You collected 20 gold pieces.

Inventory:

Hand Weapons
 a - a +0 falchion (weapon)
Armour
 b - a +0 leather armour (worn)
Wands
 g - a wand of digging (3)
Scrolls
 d - a scroll of magic mapping
Potions
 f - a potion of haste


   Skills:
 + Level 3.3 Fighting
 + Level 2.2 Long Blades
 + Level 0.2 Armour
 + Level 2.1 Dodging
 + Level 6.0 Stealth


You had 3 spell levels left.
You didn't know any spells.
Your spell library was empty.

Dungeon Overview and Level Annotations

Branches:
Dungeon (5/15)             Temple (0/1) D:5

Altars:


Message History

You have reached level 4!
You feel agile.
Unknown command.
Read: scroll of fear
Press: ? - help, Q - select action, (/) - cycle Dir - look around, f - activate Look: a black bear (chance to affect: 97%)
As you read the scroll of fear, it crumbles to dust.
You assume a fearsome visage.
The black bear looks frightened!
You feel very sick.
You feel sick.
You feel sick.
An iguana comes into view.
Found a book of Touch.
You feel sick.
Found 9 gold pieces, a scale mail and a cloak.
You feel sick.
You feel sick.
You see here 11 gold pieces.
A scorpion comes into view.
Found a scroll labelled ZULEM UFOHEERPH.
You feel sick.
You feel sick.
You see here 11 gold pieces.
You now have 11 gold pieces.
You feel sick.
You are no longer poisoned.
A black bear is nearby!
Found a war axe.
A quokka and an ogre come into view.
You see here 9 gold pieces.
You now have 20 gold pieces (gained 9).
As you read the scroll of fog, it crumbles to dust.
The scroll dissolves into smoke.
An orc comes into view. It is wielding a +0 dagger.
The black bear attacks as you move away!
The black bear barely misses you. The black bear misses you.
The black bear claws you.
* * * LOW HITPOINT WARNING * * *
The black bear attacks as you move away!
The black bear bites you.
You die...

#.#[....[# ..#
#.#......# ..:#
........#+####...# .#
#................
o..#####§...............
#.....§§§§..............
#......§§§..........^.ls
#.....§h#####...........
#..O....@..##...........
#.......##.##...#####...
#.......##..#...# ##
#.).....# #.....#
###...r.# ##.##.#
.......# #.##.####
###.#### #.##....#### #.
#.##....... #.##.....# .


You could see a black bear, an ogre and a quokka (asleep).

Vanquished Creatures
  A scorpion (D:5)
1 creature vanquished.

Notes
Turn   | Place    | Note
-------+----------+-------------------------------------------
     0 | D:5      | Achh the Human Delver began the quest for the Orb.
     0 | D:5      | Reached XP level 1. HP: 18/18 MP: 1/1
     5 | D:5      | Found a staircase to the Ecumenical Temple.
     6 | D:5      | Noticed a hound
    47 | D:5      | Noticed a scorpion
    50 | D:5      | Noticed a black bear
    60 | D:5      | Killed a scorpion
    61 | D:5      | Reached skill level 6 in Stealth
    61 | D:5      | Reached XP level 2. HP: 11/24 MP: 2/2
    61 | D:5      | Reached XP level 3. HP: 14/29 MP: 3/3
    61 | D:5      | Reached XP level 4. HP: 17/35 MP: 4/4
    67 | D:5      | Noticed a scorpion
    76 | D:5      | Noticed an ogre
    81 | D:5      | Slain by a black bear

Illustrated notes

Levels and vault maps discovered:
D:5:      layout_basic, minmay_temple_entry_statues_fountains, minivault_4,
          grunt_decor_clamped, uniq_prince_ribbit1

Skill      XL: |  1 |
---------------+----+-----
Stealth        | 6 |  6.0
Fighting       | |  3.3
Long Blades    | |  2.2
Armour         | |  0.2
Dodging        | |  2.1

Action                   |  1- 3 |  4- 6 || total
-------------------------+-------+-------++-------
Melee: Falchion          |    10 |       ||    10
  Use: Scroll            |       |     2 ||     2
Armor: Leather armour    |     2 |       ||     2
Dodge: Dodged            |     7 |     2 ||     9
